 Dungeon Crawl Stone Soup version 0.31-a0-1202-ga8fea8b373 (webtiles) character file.

Game seed: 8074905077567215076

38 Hiirokazu the Shield-Bearer (level 3, -2/33 HPs)
             Began as a Hill Orc Fighter on Dec 12, 2023.
             Succumbed to a goblin's poison
             ... on level 2 of the Dungeon.
             The game lasted 00:04:03 (1253 turns).

Hiirokazu the Shield-Bearer (Hill Orc Fighter)      Turns: 1253, Time: 00:04:04

Health: -2/33      AC:  6    Str: 20    XL:     3   Next: 43%
Magic:  3/3        EV:  9    Int:  8    God:
Gold:   57         SH:  4    Dex: 10    Spells: 2/2 levels left

rFire   . . .        a - +0 war axe
rCold   . . .        c - +0 buckler
rNeg    . . .        b - +0 scale mail
rPois   .            (no helmet)
rElec   .            (no cloak)
rCorr   .            (no gloves)
SInv    .            (no boots)
Will    .....        (no amulet) Stlth
                     (no ring)
HPRegen 0.25/turn    (no ring)
MPRegen 0.08/turn

%: no passive effects
@: lethally poisoned (-2 -> -9)
A: no striking features
a: no special abilities


You were on level 2 of the Dungeon.
You visited 1 branch of the dungeon, and saw 2 of its levels.

You collected 57 gold pieces.

Inventory:

Hand Weapons
 a - a +0 war axe (weapon)
 e - a +2 vampiric whip
Missiles
 l - 18 stones
Armour
 b - a +0 scale mail (worn)
 c - a +0 buckler (worn)
Talismans
 k - a flux talisman
Scrolls
 g - a scroll of identify {unknown}
 h - a scroll of blinking {unknown}
 i - a scroll of enchant weapon {unknown}
 j - a scroll of vulnerability {unknown}
Potions
 d - a potion of might
 f - a potion of attraction {unknown}
 m - a potion of invisibility {unknown}


   Skills:
 + Level 3.9 Fighting
 + Level 3.6 Axes
 + Level 3.4 Armour
 + Level 0.1 Dodging
 + Level 4.0 Shields


You had 2 spell levels left.
You didn't know any spells.
Your spell library contained the following spells:

 Spells                   Type           Power      Damage    Failure   Level
 Freeze                   Ice            0%         1d3       83%         1
 Frozen Ramparts          Ice            0%         1d1       99%         3
 Hailstorm                Conj/Ice       0%         3d5       99%         3
 Passage of Golubria      Tloc           0%         N/A       100%        4
 Silence                  Hex/Air        0%         N/A       100%        5
 Lehudib's Crystal Spear  Conj/Erth      0%         10d2      100%        8


Dungeon Overview and Level Annotations

Branches:
Dungeon (2/15)

Altars:


Message History

You hit the endoplasm.
The endoplasm is heavily wounded.
The endoplasm freezes you.
You are frozen.
The endoplasm freezes you.
You are frozen.
You slash the endoplasm!
You kill the endoplasm!
A goblin comes into view. It is wielding a +2 dagger of venom.
Found a knobbly jade ring.
The goblin moves out of view.
Found a stone staircase leading up.
You block the goblin's attack.
You see here a +6 ring of strength.
You barely miss the goblin. The goblin hits you but does no damage.
You are poisoned.
You miss the goblin.
You feel very sick.
The goblin hits you with a +2 dagger of venom.
The goblin hits you but does no damage.
You are more poisoned.
You closely miss the goblin.
You feel very sick. The goblin hits you but does no damage.
You are more poisoned.
You barely miss the goblin.
You feel very sick. The goblin hits you but does no damage.
You are lethally poisoned!
* * * LOW HITPOINT WARNING * * *
You feel very sick.
You barely miss the goblin.
* * * LOW HITPOINT WARNING * * *
You feel very sick. You block the goblin's attack. x2
You closely miss the goblin.
* * * LOW HITPOINT WARNING * * *
You feel very sick. The goblin barely misses you.
You closely miss the goblin.
You die...

.# #.........# ..# .#
#.........# .... .#
#..†....####.... .#
##........#...... ##
####>.######...#....
#....## #........ #.####
##..(#.... #.#
######......>..
######.##
#....g@...###..
........###.........# #
.........##.............
..........#.........####
....................#
..........#..........#
..........#.########<..
............# ###
...........#


You could see a goblin.

Vanquished Creatures
  2 adders (D:2)
  4 endoplasms
  A giant cockroach (D:1)
  4 hobgoblins
  2 bats (D:1)
  A frilled lizard (D:1)
  3 kobolds (D:1)
  A rat (D:1)
18 creatures vanquished.

Notes
Turn   | Place    | Note
-------+----------+-------------------------------------------
     0 | D:1      | Hiirokazu the Hill Orc Fighter began the quest for the Orb.
     0 | D:1      | Reached XP level 1. HP: 19/19 MP: 1/1
   310 | D:1      | Reached XP level 2. HP: 24/27 MP: 2/2
  1183 | D:2      | Reached XP level 3. HP: 31/33 MP: 3/3
  1225 | D:2      | Reached skill level 4 in Shields
  1252 | D:2      | HP: 1/33 [poisoned by a goblin]
  1253 | D:2      | Succumbed to a goblin's poison

Illustrated notes

Levels and vault maps discovered:
D:1:      sevenhm_arrival_forest_fort_small_3, layout_basic,
          serial_co_window_serial, co_window_corner_a, co_window_paths_b,
          co_window_paths_b, co_window_paths_a, co_window_of_opportunity_a,
          co_window_paths_c, co_window_broadway_c, co_window_corner_b,
          co_window_corner_b, co_window_4corner_b, glass_columns_b,
          glass_columns_b, glass_columns_b, glass_columns_b, glass_columns_a,
          item_on_display_a
D:2:      layout_rooms, chequers_jeans

Skill      XL: |  1  2  3 |
---------------+----------+-----
Axes           | 3 |  3.6
Shields        | 4 |  4.0
Fighting       | |  3.9
Armour         | |  3.4
Dodging        | |  0.1

Action                     || total
---------------------------++-------
  Melee: War axe           ||    74
 Armour: Scale mail        ||    56
  Dodge: Dodged            ||    27
  Block: Buckler           ||    18

Table legend: (Time is in decaauts)
 A = Elapsed time spent in this place.
 B = Non-inter-level travel time spent in this place.
 C = Inter-level travel time spent in this place.
 D = Time resting spent in this place.
 E = Time spent auto-exploring this place.
 F = Levels seen in this place.
 G = Mean time per level.
                   A        B        C        D        E       F      G
               +--------+--------+--------+--------+--------+-----+--------+
         Total |   1281 |   1281 |      0 |      0 |    564 |   2 |  640.5 |
       Dungeon |   1281 |   1281 |      0 |      0 |    564 |   2 |  640.5 |
               +--------+--------+--------+--------+--------+-----+--------+

Top non-repeatable levels by time:
     D:1: 1095 daAuts
     D:2: 186 daAuts
